 Dungeon Crawl Stone Soup version 0.28-a0-1510-gd0f6b136d3 (webtiles) character file.

Game seed: 5403362843339630132

18 kae the Insei (level 2, 0/21 HPs)
             Began as a Demonspawn Transmuter on Jan 14, 2022.
             Constricted to death by a ball python (1 damage)
             ... on level 1 of the Dungeon.
             The game lasted 00:00:24 (1094 turns).

kae the Insei (Demonspawn Transmuter)               Turns: 1094, Time: 00:00:24

Health: 0/21       AC:  2    Str: 10    XL:     2   Next: 51%
Magic:  4/5        EV:  9    Int: 14    God:
Gold:   21         SH:  0    Dex: 13    Spells: 4/5 levels left

rFire   . . .      SeeInvis .     - Unarmed
rCold   . . .      Faith    .   (no shield)
rNeg    . . .      Spirit   .   a - +0 robe
rPois   .          Reflect  .   (helmet currently unavailable)
rElec   .          Harm     .   (no cloak)
rCorr   .          Rampage  .   (no gloves)
Will    .....                   (boots currently unavailable)
Stlth   +.........              (no amulet)
HPRegen 0.07/turn               (no ring)
MPRegen 0.09/turn               (no ring)

@: appendages, constricted
A: horns 2, talons 2, powered by death 1
a: End Transformation


You were on level 1 of the Dungeon.
You had temporarily grown beastly horns and talons.
You visited 1 branch of the dungeon, and saw 1 of its levels.

You collected 21 gold pieces.

Inventory:

Armour
 a - a +0 robe (worn)
Scrolls
 b - a scroll of fear {unknown}
 c - a scroll of teleportation {unknown}
 d - a scroll of identify {unknown}
Potions
 e - a potion of haste {unknown}
 f - a potion of cancellation {unknown}


   Skills:
 + Level 1.3 Fighting
 + Level 1.9 Dodging
 * Level 3.0 Unarmed Combat
 + Level 2.1 Spellcasting
 * Level 2.1 Transmutations


You had 4 spell levels left.
You knew the following spells:

 Your Spells              Type           Power      Damage    Failure   Level
a - Beastly Appendage     Tmut           14%        N/A       10%         1

Your spell library contained the following spells:

 Spells                   Type           Power      Damage    Failure   Level
 Wereblood                Tmut           7%         N/A       14%         2
 Spider Form              Tmut/Pois      4%         N/A       41%         3
 Ice Form                 Ice/Tmut       4%         N/A       83%         4


Dungeon Overview and Level Annotations

Branches:
Dungeon (1/15)

Altars:


Innate Abilities, Weirdness & Mutations

You have temporarily grown beastly horns and talons.
You regenerate a little health from kills.


Message History

The dart slug is severely wounded.
You hit the dart slug.
You kill the dart slug!
Your Unarmed Combat skill increases to level 3!
The ball python bites you. The ball python grabs you.
The ball python constricts you.
You see here a dart slug corpse.
A ball python is nearby!
You are too injured to fight recklessly!
You are too injured to fight recklessly!
A ball python is nearby!
You are too injured to fight recklessly!
You are too injured to fight recklessly!
Casting: Beastly Appendage (safe; 10% risk of failure)
Confirm with . or Enter, or press ? or * to list all spells.
You grow a pair of large bovine horns.
Your feet morph into talons.
The ball python bites you. The ball python constricts you.
The ball python bites you. The ball python constricts you.
The ball python barely misses you. The ball python constricts you.
You hit the ball python. Your kick misses the ball python.
The ball python is heavily wounded.
The ball python bites you but does no damage.
The ball python constricts you.
You barely miss the ball python. Your headbutt misses the ball python.
The ball python is heavily wounded.
The ball python bites you.
* * * LOW HITPOINT WARNING * * *
The ball python constricts you.
* * * LOW HITPOINT WARNING * * *
You hit the ball python. Your kick misses the ball python.
The ball python is severely wounded.
The ball python bites you but does no damage.
The ball python constricts you.
* * * LOW HITPOINT WARNING * * *
You closely miss the ball python. Your kick misses the ball python.
The ball python is severely wounded.
The ball python bites you.
* * * LOW HITPOINT WARNING * * *
The ball python constricts you.
You die...

. ... ################
.....#.............)#
......S@..."###.#.#.###
........###............
............###.#.#.###
...##...###...........##
.. ##.## #######.#.#...
. #. #.............
#.#.# #. #.###...##.###
#.#.# #. ###.# #...##.#
#.#.#
#.##...###...##.###


You could see a ball python.

Vanquished Creatures
  A dart slug (D:1)
  A ball python (D:1)
  5 bats (D:1)
  2 endoplasms (D:1)
  A goblin (D:1)
  2 hobgoblins (D:1)
  A kobold (D:1)
  A rat (D:1)
14 creatures vanquished.

Notes
Turn   | Place    | Note
-------+----------+-------------------------------------------
     0 | D:1      | kae the Demonspawn Transmuter began the quest for the Orb.
     0 | D:1      | Reached XP level 1. HP: 15/15 MP: 3/3
   327 | D:1      | Gained mutation: You regenerate a little health from kills.
                  | [demonic ancestry]
   327 | D:1      | Reached XP level 2. HP: 8/21 MP: 5/5
  1088 | D:1      | Reached skill level 3 in Unarmed Combat
  1094 | D:1      | HP: 1/21 [ball python (1)]
  1094 | D:1      | Constricted to death by a ball python

Illustrated notes

Levels and vault maps discovered:
D:1:      arrival_zaba_pyramid, layout_loops_ring

Skill      XL: |  1  2 |
---------------+-------+-----
Transmutations | 2 |  2.1
Unarmed Combat | 3 |  3.0
Fighting       | |  1.3
Dodging        | |  1.9
Spellcasting   | |  2.1

Action                   || total
-------------------------++-------
Melee: Unarmed           ||    45
       Kick              ||     6
       Headbutt          ||     5
       Punch             ||     1
 Cast: Beastly Appendage ||    13
Armor: Robe              ||    17
Dodge: Dodged            ||    46

Table legend: (Time is in decaauts)
 A = Elapsed time spent in this place.
 B = Non-inter-level travel time spent in this place.
 C = Inter-level travel time spent in this place.
 D = Time resting spent in this place.
 E = Time spent auto-exploring this place.
 F = Levels seen in this place.
 G = Mean time per level.
                   A        B        C        D        E       F      G
               +--------+--------+--------+--------+--------+-----+--------+
         Total |   1091 |   1091 |      0 |      0 |    956 |   1 | 1091.0 |
       Dungeon |   1091 |   1091 |      0 |      0 |    956 |   1 | 1091.0 |
               +--------+--------+--------+--------+--------+-----+--------+

Top non-repeatable levels by time:
     D:1: 1091 daAuts
